[Event "WYCC U14 Open 2019"]
[Site "Mumbai"]
[Date "2019.10.10"]
[Round "9.4"]
[White "Shah Jeet"]
[Black "Srihari L R"]
[Result "0-1"]
[ECO "B06"]
[WhiteElo "1844"]
[BlackElo "2283"]
[Annotator "NA"]
[PlyCount "114"]
[EventDate "2019.10.02"]
[EventType "swiss"]
[EventCountry "IND"]
[SourceTitle "playchess.com"]
[Source "ChessBase"]
[SourceQuality "1"]
[TimeControl "40/5400+30:1800+30"]

1. e4 g6 2. d4 Bg7 3. Nf3 d6 4. Nc3 a6 5. a4 b6 6. Bc4 e6 7. O-O Bb7 8. Be3 Nd7 9. h3 Ne7 10. Nh2 O-O 11. Qd2 d5 12. exd5 exd5 13. Be2 Nf5 14. Bf3 Nxe3 15. Qxe3 Nf6 16. Rfe1 Re8 17. Qd3 Qd6 18. Nf1 Rxe1 19. Rxe1 Qb4 20. Ne3 Rd8 21. b3 c5 22. dxc5 Nd7 23. Nexd5 Bxd5 24. Qxd5 Bf6 25. Re3 Nxc5 26. Na2 Qa3 27. Qc6 Kg7 28. b4 Qxa2 29. bxc5 bxc5 30. Qxc5 Qb1+ 31. Kh2 Qb8+ 32. g3 Bd4 33. Qe7 Bxe3 34. Qxe3 Qc7 35. Be4 Qe5 36. Bd3 Qxe3 37. fxe3 a5 38. Kg2 Kf6 39. Kf3 Ke5 40. Bb5 Rd2 41. c4 Rh2 42. h4 f5 43. Be8 Rc2 44. Bf7 Rc3 45. Bd5 Ra3 46. Bc6 Kd6 47. Bb5 Kc5 48. Kf4 Rc3 49. Ba6 Kb4 50. Bb5 Ra3 51. Kf3 Rxa4 52. Bxa4 Kxa4 53. e4 Kb4 54. e5 Kc5 55. Ke3 h6 56. e6 Kd6 57. Kd4 a4 0-1

[Event "WYCC U14 Open 2019"]
[Site "Mumbai"]
[Date "2019.10.10"]
[Round "9.5"]
[White "Luczak, Filip"]
[Black "Murzin, Volodar"]
[Result "1/2-1/2"]
[ECO "E69"]
[WhiteElo "2136"]
[BlackElo "2433"]
[Annotator "NA"]
[PlyCount "123"]
[EventDate "2019.10.02"]
[EventType "swiss"]
[EventCountry "IND"]
[SourceTitle "playchess.com"]
[Source "ChessBase"]
[SourceQuality "1"]
[TimeControl "40/5400+30:1800+30"]

1. d4 Nf6 2. c4 g6 3. Nf3 Bg7 4. g3 O-O 5. Bg2 d6 6. O-O Nbd7 7. Nc3 e5 8. e4 c6 9. h3 Qb6 10. c5 dxc5 11. dxe5 Ne8 12. e6 fxe6 13. Ng5 Ne5 14. f4 Nf7 15. Nxf7 Bd4+ 16. Kh2 Rxf7 17. e5 {[%emt 0:00:32] [#]} Rd7 $146 {[%emt 0:02:30] E69: King's Indian: Fianchetto: 6...Nbd7 7 0-0 e5 8 e4 c6 9 h3} ({Predecessor:} 17... Qc7 18. Ne4 b6 19. Qc2 Ba6 20. Rd1 Rd8 21. a4 c4 22. Bf1 c5 23. Bxc4 Bxc4 24. Qxc4 Qc6 25. Qe2 {½-½ (96) Pantsulaia,L (2595)-Kotronias,V (2564) Warsaw 2013}) 18. Qg4 Rf7 19. Ne4 Qc7 20. Rb1 b6 21. Rd1 a5 22. Ng5 Re7 23. Be4 Rg7 24. h4 Qe7 25. Bd2 Nc7 (25... Bd7 $16) 26. Bxc6 Rb8 27. Bc3 Ba6 28. Rd2 h6 29. Ne4 Bb5 30. Nf6+ Kh8 31. Bg2 Ne8 32. Bxd4 cxd4 33. Nxe8 Bxe8 34. Rxd4 g5 35. fxg5 hxg5 {[%emt 0:00:08] [#]} 36. Qf3 (36. Rf1 $1 $18) 36... Bg6 37. Rf1 Rf7 $18 (37... Qc5 $16 38. Qe3 Rd7) 38. Qe3 Rxf1 39. Bxf1 Rf8 40. Bg2 Qc5 41. Qxg5 Qxd4 42. Qh6+ Kg8 43. Qxg6+ Kh8 44. Qh6+ Kg8 45. Qxe6+ Kg7 46. Qe7+ Rf7 47. Qg5+ Kf8 48. e6 Rg7 49. Qd5 Qxd5 50. Bxd5 Rc7 51. h5 Kg7 52. Kh3 Kf6 53. g4 Rc5 54. Bb3 Kg5 55. Kg3 Re5 56. Kf3 b5 57. a3 Re1 58. Bd5 Re5 59. Bb3 Re1 60. Bd5 Re5 61. Bb3 Re1 62. Bd5 1/2-1/2

[Event "WYCC U14 Open 2019"]
[Site "Mumbai"]
[Date "2019.10.10"]
[Round "9.6"]
[White "Tsvetkov, Andrey"]
[Black "Samant Aditya S"]
[Result "1/2-1/2"]
[ECO "E11"]
[WhiteElo "2382"]
[BlackElo "2334"]
[Annotator "ChessBase"]
[PlyCount "67"]
[EventDate "2019.10.02"]
[EventType "swiss"]
[EventCountry "IND"]
[SourceTitle "playchess.com"]
[Source "ChessBase"]
[SourceQuality "1"]
[TimeControl "40/5400+30:1800+30"]

1. d4 Nf6 2. c4 e6 3. Nf3 Bb4+ 4. Nbd2 b6 5. a3 Bxd2+ 6. Qxd2 Bb7 7. e3 O-O 8. Be2 d6 9. O-O a5 10. b3 Nbd7 11. Bb2 Qe7 12. Rad1 Rfd8 13. Qc3 c5 14. d5 exd5 15. cxd5 Ba6 16. Bxa6 Rxa6 17. a4 Rb8 18. Rfe1 b5 19. e4 bxa4 20. bxa4 Rab6 21. Ba1 Rb4 22. e5 dxe5 23. d6 Qe8 24. Nxe5 Nxe5 25. Rxe5 Qxa4 26. Ree1 Rd4 27. Qf3 Rxd1 28. Rxd1 Qe4 29. Bxf6 Qxf3 30. gxf3 gxf6 31. Ra1 Rd8 32. Rxa5 c4 33. Rc5 Rxd6 34. Rxc4 1/2-1/2

[Event "WYCC U14 Open 2019"]
[Site "Mumbai"]
[Date "2019.10.10"]
[Round "9.7"]
[White "Kolay, Alex"]
[Black "Pranav Anand"]
[Result "1-0"]
[ECO "E90"]
[WhiteElo "2164"]
[BlackElo "2351"]
[Annotator "ChessBase"]
[PlyCount "54"]
[EventDate "2019.10.02"]
[EventType "swiss"]
[EventCountry "IND"]
[SourceTitle "playchess.com"]
[Source "ChessBase"]
[SourceQuality "1"]
[TimeControl "40/5400+30:1800+30"]

1. d4 Nf6 2. c4 g6 3. Nc3 Bg7 4. e4 d6 5. Nf3 O-O 6. h3 e5 7. d5 Nh5 8. g3 f5 9. exf5 gxf5 10. Ng5 Qe8 11. Be2 Nf6 12. Be3 Na6 13. Qd2 Bd7 14. O-O-O h6 15. Nf3 Nc5 16. g4 fxg4 17. hxg4 Nxg4 18. Rdg1 h5 19. Bh6 Nxh6 20. Qxh6 Qf7 21. Kd1 Rfe8 22. Rxh5 Kf8 23. Qh7 Bf6 24. Qxf7+ Kxf7 25. Rh7+ Kf8 26. Nh4 Bxh4 27. Bh5 Bc8 1-0

[Event "WYCC U14 Open 2019"]
[Site "Mumbai"]
[Date "2019.10.10"]
[Round "9.8"]
[White "Manish, Kumar"]
[Black "Jain Kashish Manoj"]
[Result "1/2-1/2"]
[ECO "C02"]
[WhiteElo "2132"]
[BlackElo "1930"]
[Annotator "ChessBase"]
[PlyCount "68"]
[EventDate "2019.10.02"]
[EventType "swiss"]
[EventCountry "IND"]
[SourceTitle "playchess.com"]
[Source "ChessBase"]
[SourceQuality "1"]
[TimeControl "40/5400+30:1800+30"]

1. e4 e6 2. d4 d5 3. e5 c5 4. c3 Nc6 5. Nf3 Bd7 6. a3 Nge7 7. b4 cxd4 8. cxd4 Nc8 9. Bd3 Be7 10. O-O Nb6 11. Nbd2 Rc8 12. Bb2 a6 13. Rc1 Na7 14. Rxc8 Qxc8 15. Qb1 Bb5 16. Rc1 Nc6 17. Ne1 Bg5 18. Nef3 Be7 19. h4 h6 20. g3 O-O 21. Kg2 Qd7 22. h5 Rc8 23. g4 Na7 24. Rxc8+ Naxc8 25. Nf1 Bxd3 26. Qxd3 Nc4 27. Bc1 Qa4 28. Ne3 N8b6 29. g5 Nxe3+ 30. Bxe3 Nc4 31. Bc1 hxg5 32. Bxg5 Bf8 33. Bc1 Be7 34. h6 g6 1/2-1/2

[Event "WYCC U14 Open 2019"]
[Site "Mumbai"]
[Date "2019.10.10"]
[Round "9.9"]
[White "Wu, Logan"]
[Black "Pranav Vijay"]
[Result "1-0"]
[ECO "C88"]
[WhiteElo "1994"]
[BlackElo "2265"]
[Annotator "NA"]
[PlyCount "101"]
[EventDate "2019.10.02"]
[EventType "swiss"]
[EventCountry "IND"]
[SourceTitle "playchess.com"]
[Source "ChessBase"]
[SourceQuality "1"]
[TimeControl "40/5400+30:1800+30"]

1. e4 e5 2. Nf3 Nc6 3. Bb5 a6 4. Ba4 Nf6 5. O-O b5 6. Bb3 Bb7 7. Re1 Be7 8. c3 O-O 9. d4 d6 10. Nbd2 exd4 11. cxd4 Nb4 12. Nf1 c5 13. a3 c4 14. axb4 cxb3 15. d5 Nd7 16. Qxb3 Bf6 17. Ne3 Re8 18. Ng4 Rc8 19. Nxf6+ Qxf6 20. Bd2 Rc4 21. Rac1 Nb6 22. Rxc4 Nxc4 23. Bc3 Qg6 24. Qc2 Bc8 25. Qd3 f6 26. b3 Nb6 27. Bd2 Bg4 28. Bf4 Nd7 29. Nd4 f5 30. f3 Bh3 31. g3 Nf6 32. e5 Nxd5 33. Ne2 Qf7 34. Rd1 Nxb4 35. Qxd6 Qxb3 36. Qd7 Rf8 37. Kf2 g5 38. e6 g4 39. e7 Qxf3+ 40. Ke1 Qh1+ 41. Kd2 Qd5+ 42. Qxd5+ Nxd5 43. exf8=Q+ Kxf8 44. Ra1 b4 45. Rxa6 Bf1 46. Ra5 Bg2 47. Bd6+ Kf7 48. Nf4 Nb6 49. Rxf5+ Kg7 50. Be5+ Kh6 51. Rh5# 1-0

[Event "WYCC U14 Open 2019"]
[Site "Mumbai"]
[Date "2019.10.10"]
[Round "9.10"]
[White "Davtyan, Arsen"]
[Black "Flores Quillas, Diego Saul Rodri"]
[Result "1-0"]
[ECO "A67"]
[WhiteElo "1942"]
[BlackElo "2164"]
[Annotator "NA"]
[PlyCount "93"]
[EventDate "2019.10.02"]
[EventType "swiss"]
[EventCountry "IND"]
[SourceTitle "playchess.com"]
[Source "ChessBase"]
[SourceQuality "1"]
[TimeControl "40/5400+30:1800+30"]

1. d4 Nf6 2. c4 c5 3. d5 e6 4. Nc3 exd5 5. cxd5 d6 6. e4 g6 7. f4 Bg7 8. Bb5+ Nfd7 9. Bd3 O-O 10. Nf3 Nb6 11. O-O Bg4 12. h3 Bxf3 13. Qxf3 N8d7 14. Be3 Re8 15. Rfe1 a6 16. Bf2 Rb8 17. Bg3 Na8 18. Re2 b5 19. Rae1 c4 20. Bb1 b4 21. Nd1 Qc7 22. Ne3 Nab6 23. Rc1 c3 24. b3 Rbc8 25. Bc2 Qb7 26. Rce1 a5 27. Bf2 Ra8 28. g4 h6 29. h4 Re7 30. h5 Kh7 31. hxg6+ fxg6 32. e5 dxe5 33. f5 e4 34. fxg6+ Kh8 35. Bxe4 Rxe4 36. Qxe4 Nf6 37. Qg2 Qd7 38. d6 Rc8 39. Nf5 Nbd5 40. Bg3 Qc6 41. Be5 Qc5+ 42. Bd4 Qb5 43. g5 hxg5 44. Qh3+ Kg8 45. Nh6+ Bxh6 46. Qxc8+ Kg7 47. Qf5 1-0

[Event "WYCC U14 Open 2019"]
[Site "Mumbai"]
[Date "2019.10.10"]
[Round "9.11"]
[White "Amanzhol, Sultan"]
[Black "Sun, Jiajun B"]
[Result "1-0"]
[ECO "E26"]
[WhiteElo "2032"]
[BlackElo "1977"]
[Annotator "NA"]
[PlyCount "99"]
[EventDate "2019.10.02"]
[EventType "swiss"]
[EventCountry "IND"]
[SourceTitle "playchess.com"]
[Source "ChessBase"]
[SourceQuality "1"]
[TimeControl "40/5400+30:1800+30"]

1. d4 Nf6 2. c4 e6 3. Nc3 Bb4 4. a3 Bxc3+ 5. bxc3 c5 6. e3 d6 7. Bd3 Nc6 8. Ne2 e5 9. O-O Na5 10. e4 Nd7 11. f4 b6 12. Ng3 g6 13. Ra2 Nc6 14. fxe5 dxe5 15. d5 Na5 16. Raf2 f6 17. Qa4 Ke7 18. Bh6 Rg8 19. h4 Ba6 20. Qd1 Qc7 21. Qe2 Qd6 22. h5 Rae8 23. Rf3 Kd8 24. R1f2 Re7 25. Nf1 Rf7 26. Ne3 Ke7 27. Rg3 Kd8 28. Nf5 Qb8 29. Nh4 g5 30. Nf5 Nb7 31. Rgf3 Nd6 32. Nxd6 Qxd6 33. Rf5 g4 34. Bg5 Kc7 35. Bh4 Bc8 36. g3 Qf8 37. Qf1 Qh6 38. Bxf6 Rxf6 39. Rxf6 Nxf6 40. Rxf6 Qe3+ 41. Kg2 Rg5 42. Rh6 Qd2+ 43. Be2 Rg7 44. Rc6+ Kb7 45. Rxc8 Rg5 46. Rf8 Qc2 47. d6 Qxe4+ 48. Kg1 Qe3+ 49. Qf2 Qc1+ 50. Bf1 1-0

[Event "WYCC U14 Open 2019"]
[Site "Mumbai"]
[Date "2019.10.10"]
[Round "9.12"]
[White "Ayush Sharma"]
[Black "Laux, Dominik"]
[Result "0-1"]
[ECO "B13"]
[WhiteElo "1939"]
[BlackElo "2015"]
[Annotator "NA"]
[PlyCount "64"]
[EventDate "2019.10.02"]
[EventType "swiss"]
[EventCountry "IND"]
[SourceTitle "playchess.com"]
[Source "ChessBase"]
[SourceQuality "1"]
[TimeControl "40/5400+30:1800+30"]

1. e4 c6 2. d4 d5 3. exd5 cxd5 4. Bd3 Nc6 5. c3 Nf6 6. Bf4 Bg4 7. Qb3 Qd7 8. Nd2 e6 9. Ngf3 Bd6 10. Bxd6 Qxd6 11. O-O O-O 12. Rae1 Rab8 13. Ne5 Bh5 14. f4 Bg6 15. f5 exf5 16. Bxf5 Rfe8 17. Bxg6 hxg6 18. Ndf3 Re7 19. Nxc6 bxc6 20. Qxb8+ Qxb8 21. Rxe7 Qxb2 22. Rfe1 Ne4 23. Rxa7 Qxc3 24. a4 g5 25. h3 f5 26. Rb1 g4 27. Ra8+ Kh7 28. Nh4 Qe3+ 29. Kh1 Nf2+ 30. Kh2 g3+ 31. Kg1 Nd1+ 32. Kh1 Qe1# 0-1

[Event "WYCC U14 Open 2019"]
[Site "Mumbai"]
[Date "2019.10.10"]
[Round "9.13"]
[White "Petkov, Momchil"]
[Black "Sahakyan, Aleks"]
[Result "1-0"]
[ECO "B92"]
[WhiteElo "2333"]
[BlackElo "1991"]
[Annotator "ChessBase"]
[PlyCount "65"]
[EventDate "2019.10.02"]
[EventType "swiss"]
[EventCountry "IND"]
[SourceTitle "playchess.com"]
[Source "ChessBase"]
[SourceQuality "1"]
[TimeControl "40/5400+30:1800+30"]

1. e4 c5 2. Nf3 d6 3. d4 cxd4 4. Nxd4 Nf6 5. Nc3 a6 6. Be2 e5 7. Nb3 Be7 8. O-O O-O 9. Kh1 Be6 10. f4 b5 11. a4 Nbd7 12. f5 Bxb3 13. cxb3 Nc5 14. Bf3 bxa4 15. b4 Nb3 16. Rxa4 Nxc1 17. Qxc1 Qb6 18. Qa1 d5 19. Nxd5 Nxd5 20. exd5 Bxb4 21. f6 a5 22. Be4 Rac8 23. fxg7 Kxg7 24. Qd1 Qh6 25. Qg4+ Kh8 26. Qf5 Rc1 27. Ra1 Rfc8 28. h3 Bd6 29. Kh2 R8c7 30. Rb1 Rxf1 31. Rxf1 Rc1 32. Rxc1 Qxc1 33. Qxh7# 1-0

[Event "WYCC U14 Open 2019"]
[Site "Mumbai"]
[Date "2019.10.10"]
[Round "9.14"]
[White "Tadic, Stefan"]
[Black "Srikrishnan P"]
[Result "1-0"]
[ECO "C02"]
[WhiteElo "2295"]
[BlackElo "1929"]
[Annotator "ChessBase"]
[PlyCount "59"]
[EventDate "2019.10.02"]
[EventType "swiss"]
[EventCountry "IND"]
[SourceTitle "playchess.com"]
[Source "ChessBase"]
[SourceQuality "1"]
[TimeControl "40/5400+30:1800+30"]

1. e4 e6 2. d4 d5 3. e5 c5 4. c3 Qb6 5. Nf3 Nc6 6. Bd3 cxd4 7. cxd4 Bd7 8. O-O Nxd4 9. Nbd2 Bc5 10. b4 Qxb4 11. Nxd4 Bxd4 12. Rb1 Qa4 13. Qxa4 Bxa4 14. Rb4 Bxe5 15. Rxa4 Bd6 16. Ba3 Ke7 17. Rb1 Nf6 18. Rxb7+ Nd7 19. Bb5 Rhd8 20. Rbxa7 Rxa7 21. Rxa7 Bxa3 22. Rxa3 Rb8 23. Bxd7 Rb2 24. Ra7 Rxd2 25. Kf1 d4 26. Ke1 Rb2 27. Bb5+ Kf6 28. Bd3 e5 29. a4 Ra2 30. Rxf7+ 1-0

[Event "WYCC U14 Open 2019"]
[Site "Mumbai"]
[Date "2019.10.10"]
[Round "9.15"]
[White "Aaryan Varshney"]
[Black "Gokhale Rishabh Chandrashekhar"]
[Result "1/2-1/2"]
[ECO "A59"]
[WhiteElo "2239"]
[BlackElo "1925"]
[Annotator "ChessBase"]
[PlyCount "66"]
[EventDate "2019.10.02"]
[EventType "swiss"]
[EventCountry "IND"]
[SourceTitle "playchess.com"]
[Source "ChessBase"]
[SourceQuality "1"]
[TimeControl "40/5400+30:1800+30"]

1. d4 Nf6 2. c4 c5 3. d5 b5 4. cxb5 a6 5. bxa6 Bxa6 6. Nc3 d6 7. Nf3 g6 8. e4 Bxf1 9. Kxf1 Bg7 10. g3 O-O 11. Kg2 Nbd7 12. Re1 Qa5 13. h3 Rfb8 14. Qc2 Ne8 15. a4 Nc7 16. Bd2 Qb6 17. Reb1 Ra7 18. Ra3 Rab7 19. Bg5 Kf8 20. h4 h5 21. Qd2 Qb4 22. Bh6 Kg8 23. Bxg7 Kxg7 24. Qe2 f6 25. Nd2 Qa5 26. Nc4 Qa6 27. f4 Nb6 28. Nxb6 Qxe2+ 29. Nxe2 Rxb6 30. b3 Rb4 31. Kf3 f5 32. exf5 gxf5 33. Nc3 c4 {[%emt 0:03:01] Ke4} 1/2-1/2

[Event "WYCC U14 Open 2019"]
[Site "Mumbai"]
[Date "2019.10.10"]
[Round "9.16"]
[White "Colbow, Collin"]
[Black "Kadam Om Manish"]
[Result "1-0"]
[ECO "B23"]
[WhiteElo "2148"]
[BlackElo "1872"]
[Annotator "NA"]
[PlyCount "131"]
[EventDate "2019.10.02"]
[EventType "swiss"]
[EventCountry "IND"]
[SourceTitle "playchess.com"]
[Source "ChessBase"]
[SourceQuality "1"]
[TimeControl "40/5400+30:1800+30"]

1. e4 c5 2. Nc3 a6 3. g3 b5 4. Bg2 Bb7 5. d3 e6 6. f4 b4 7. Na4 Nf6 8. Nf3 d5 9. e5 Nfd7 10. c3 Nc6 11. O-O Be7 12. Be3 O-O 13. d4 bxc3 14. bxc3 cxd4 15. cxd4 Na5 16. Nd2 Bc6 17. h4 Bb5 18. Rf2 f5 19. exf6 Nxf6 20. Bh3 Bb4 21. Bxe6+ Kh8 22. f5 Bxd2 23. Bxd2 Ne4 24. Rg2 Nc4 25. Bf4 Bd7 26. Nc5 Nxc5 27. dxc5 Bxe6 28. fxe6 Rxf4 29. gxf4 Ne3 30. Qe2 Nxg2 31. e7 Qe8 32. Kxg2 Qg6+ 33. Kh2 Re8 34. Re1 Qf6 35. Qg4 h6 36. h5 Rxe7 37. Rxe7 Qxe7 38. Qc8+ Kh7 39. Qf5+ Kh8 40. Qxd5 Qe2+ 41. Kg3 Qe3+ 42. Kg4 Qe2+ 43. Kf5 Qxh5+ 44. Ke6 Qe8+ 45. Kd6 Qd8+ 46. Ke5 Qf6+ 47. Ke4 Qe7+ 48. Kd4 Qf6+ 49. Qe5 Qd8+ 50. Qd6 Qa5 51. c6 Qd2+ 52. Ke5 Qe2+ 53. Kf5 Qh5+ 54. Ke6 Qe8+ 55. Kd5 Qh5+ 56. Qe5 Qf3+ 57. Kd6 Qd3+ 58. Ke7 Qa3+ 59. Qd6 Qe3+ 60. Kd7 Qh3+ 61. Kd8 Qh4+ 62. Kc8 Qg4+ 63. Kb8 Qf5 64. c7 Qb5+ 65. Ka7 Qc4 66. Qd8+ 1-0

[Event "WYCC U14 Open 2019"]
[Site "Mumbai"]
[Date "2019.10.11"]
[Round "10.1"]
[White "Suleymanli, Aydin"]
[Black "Vo, Pham Thien Phuc"]
[Result "1/2-1/2"]
[ECO "E61"]
[WhiteElo "2426"]
[BlackElo "1807"]
[Annotator "NA"]
[PlyCount "94"]
[EventDate "2019.10.02"]
[EventType "swiss"]
[EventCountry "IND"]
[SourceTitle "playchess.com"]
[Source "ChessBase"]
[SourceQuality "1"]
[TimeControl "40/5400+30:1800+30"]

1. d4 Nf6 2. c4 g6 3. Nc3 Bg7 4. Bg5 d6 5. Nf3 h6 6. Bh4 g5 7. Bg3 Nh5 8. e3 c5 9. d5 Qa5 10. Qd2 Nd7 11. Rc1 a6 12. Be2 Rb8 13. a4 Nb6 14. b3 Bg4 $11 15. O-O Nxg3 16. hxg3 Nd7 17. Qd3 Bh5 18. e4 Bg6 19. Nd2 Bd4 20. g4 Ne5 21. Qh3 Kf8 22. Rc2 Nd7 23. Nd1 e6 24. dxe6 fxe6 25. Nf3 Bg7 26. Rd2 Ke7 27. Ne3 Bc3 28. Rd3 Ne5 29. Nh4 gxh4 30. Rxc3 Kd7 31. Rcc1 Bxe4 32. f4 Nc6 33. f5 exf5 34. gxf5 Qd2 35. f6+ Kc7 36. Bh5 Rhg8 37. Rc3 Rg3 38. Nd5+ Bxd5 39. Rxg3 hxg3 40. cxd5 Qd4+ 41. Kh1 Qxd5 42. Be2 Qe5 43. Bc4 d5 44. Rf5 Qe1+ 45. Rf1 Qe5 46. Rf5 Qe1+ 47. Rf1 Qe5 1/2-1/2

[Event "WYCC U14 Open 2019"]
[Site "Mumbai"]
[Date "2019.10.11"]
[Round "10.2"]
[White "Srihari L R"]
[Black "Morgunov, Marc"]
[Result "1/2-1/2"]
[ECO "E71"]
[WhiteElo "2283"]
[BlackElo "2280"]
[Annotator "NA"]
[PlyCount "60"]
[EventDate "2019.10.02"]
[EventType "swiss"]
[EventCountry "IND"]
[SourceTitle "playchess.com"]
[Source "ChessBase"]
[SourceQuality "1"]
[TimeControl "40/5400+30:1800+30"]

1. d4 Nf6 2. c4 g6 3. Nc3 Bg7 4. e4 d6 5. h3 O-O 6. Bg5 c6 7. Nf3 d5 8. cxd5 cxd5 9. e5 Ne4 10. Be3 Nc6 11. Rc1 Nxc3 12. Rxc3 Bf5 13. Bd3 Bxd3 14. Qxd3 a6 15. O-O Rc8 16. Rfc1 Qd7 17. a3 Na7 18. Nd2 Rxc3 19. Rxc3 Rc8 20. Nb3 Rxc3 21. Qxc3 b6 22. Nc1 Qc6 23. Na2 Qxc3 24. Nxc3 e6 25. Na4 Nc8 26. Kf1 Bf8 27. Ke2 b5 28. Nc3 Nb6 29. Kd3 Nc4 30. Bc1 Be7 {[%emt 0:01:46] Ke4} 1/2-1/2

[Event "WYCC U14 Open 2019"]
[Site "Mumbai"]
[Date "2019.10.11"]
[Round "10.3"]
[White "Samant Aditya S"]
[Black "Abinandhan R"]
[Result "1/2-1/2"]
[ECO "B41"]
[WhiteElo "2334"]
[BlackElo "1830"]
[Annotator "NA"]
[PlyCount "214"]
[EventDate "2019.10.02"]
[EventType "swiss"]
[EventCountry "IND"]
[SourceTitle "playchess.com"]
[Source "ChessBase"]
[SourceQuality "1"]
[TimeControl "40/5400+30:1800+30"]

1. e4 c5 2. Nf3 e6 3. d4 cxd4 4. Nxd4 a6 5. c4 Qc7 6. Nc3 Nf6 7. a3 b6 8. Be3 Bb7 9. f3 Be7 10. Be2 d6 11. O-O O-O 12. Qd2 Nbd7 13. Rac1 Rac8 14. b4 Qb8 15. Rc2 Bd8 16. Kh1 Re8 17. Rb1 Bc7 18. Bg1 h5 19. Na4 Qa8 20. c5 dxc5 21. bxc5 bxc5 22. Nxc5 Nxc5 23. Rxc5 h4 24. Qb4 Rb8 25. Rxc7 Bxe4 26. fxe4 Rxb4 27. Rxb4 Qxe4 28. Bf3 Qe5 29. Rbb7 Rf8 30. Rc4 Qg5 31. Nc6 h3 32. gxh3 g6 33. Bg2 Nd5 34. Rb3 Re8 35. Rg3 Qd2 36. Ne5 Qe1 37. Re4 Qb1 38. Nd3 Rd8 39. Re1 Qc2 40. Rf1 Ne7 41. Nc5 Nf5 42. Rg4 Qe2 43. Ne4 Rb8 44. Ng3 Qd3 45. Nxf5 exf5 46. Rg3 Qc2 47. h4 Rb1 48. Rxb1 Qxb1 49. h5 Kg7 50. hxg6 fxg6 51. Rc3 Qa1 52. Rb3 Kh6 53. Rd3 a5 54. h3 Kh7 55. Re3 Kh6 56. Kh2 a4 57. Bf2 Qa2 58. Rf3 Qb2 59. Be3+ Kh7 60. Bf4 Qd4 61. Kg3 Qd8 62. h4 Qd1 63. Bg5 Qe1+ 64. Kh3 Qd1 65. Re3 Qg4+ 66. Kh2 Qd4 67. Re7+ Kg8 68. Re6 Kf7 69. Rf6+ Kg7 70. Rc6 Kf7 71. Rc7+ Kg8 72. Rc6 Kf7 73. Rf6+ Kg7 74. Re6 Kf7 75. Re3 Qd6+ 76. Kh3 Qd4 77. Bf3 Qc4 78. Kg3 Qd4 79. Bf4 Qc5 80. Kg2 Qd4 81. Kg3 Qc5 82. Bd1 Qd4 83. Be2 Qc5 84. Bf3 Qd4 85. Re1 Qc5 86. Re3 Qd4 87. Be2 Qc5 88. h5 gxh5 89. Bxh5+ Kf6 90. Bf3 Qc4 91. Be5+ Kg5 92. Kf2 Qc5 93. Ke2 Qc2+ 94. Kf1 Qc1+ 95. Kf2 Qc5 96. Ke2 Qc2+ 97. Ke1 Qc1+ 98. Ke2 Qc2+ 99. Kf1 Qc1+ 100. Kf2 Qc5 101. Ke2 f4 102. Re4 Qxa3 103. Bxf4+ Kf5 104. Bd2 Qa2 105. Rf4+ Ke5 106. Re4+ Kf5 107. Rf4+ Ke5 1/2-1/2

[Event "WYCC U14 Open 2019"]
[Site "Mumbai"]
[Date "2019.10.11"]
[Round "10.4"]
[White "Kolay, Alex"]
[Black "Luczak, Filip"]
[Result "1-0"]
[ECO "A40"]
[WhiteElo "2164"]
[BlackElo "2136"]
[Annotator "NA"]
[PlyCount "131"]
[EventDate "2019.10.02"]
[EventType "swiss"]
[EventCountry "IND"]
[SourceTitle "playchess.com"]
[Source "ChessBase"]
[SourceQuality "1"]
[TimeControl "40/5400+30:1800+30"]

1. d4 g6 2. c4 Bg7 3. Nf3 d6 4. Nc3 e5 5. e4 exd4 6. Nxd4 Nf6 7. Be2 O-O 8. Be3 Re8 9. f3 c6 10. Qd2 a6 11. O-O-O b5 12. Nc2 d5 13. cxd5 cxd5 14. exd5 Bf5 15. Bd4 Bxc2 16. Qxc2 Nbd7 17. Kb1 b4 18. Na4 Qa5 19. Bc4 Rac8 20. Qb3 Rxc4 21. Qxc4 Qxa4 22. Rhe1 Rxe1 23. Rxe1 Qa5 24. Rd1 Nf8 25. Bxf6 Bxf6 26. Qc6 Kg7 27. f4 h6 28. g3 Be7 29. f5 gxf5 30. d6 Bf6 31. d7 Ne6 32. Rd5 Qd8 33. Qd6 Qa8 34. Kc1 a5 35. h4 Qa7 36. Rxf5 Qg1+ 37. Qd1 Bxb2+ 38. Kd2 Qd4+ 39. Kc2 Qc3+ 40. Kb1 Ba3 41. Rf2 a4 42. Rd2 Kf6 43. Qe1 Kg7 44. Qd1 Nd8 45. Qc2 Qxc2+ 46. Kxc2 Kf6 47. Re2 b3+ 48. axb3 axb3+ 49. Kxb3 Bd6 50. g4 Bc7 51. Kc4 Ne6 52. Kd5 Ke7 53. Kc6 Bg3 54. g5 Bxh4 55. Rxe6+ Kxe6 56. d8=Q hxg5 57. Qe8+ Kf6 58. Kd5 Bg3 59. Qh8+ Kf5 60. Qh7+ Kf6 61. Ke4 Bf4 62. Qh6+ Ke7 63. Kf5 Ke8 64. Kf6 Bd6 65. Qh8+ Bf8 66. Qg8 1-0

[Event "WYCC U14 Open 2019"]
[Site "Mumbai"]
[Date "2019.10.11"]
[Round "10.5"]
[White "Chyzy, Jakub"]
[Black "Sreeshwan Maralakshikari"]
[Result "0-1"]
[ECO "B12"]
[WhiteElo "2327"]
[BlackElo "2449"]
[Annotator "NA"]
[PlyCount "66"]
[EventDate "2019.10.02"]
[EventType "swiss"]
[EventCountry "IND"]
[SourceTitle "playchess.com"]
[Source "ChessBase"]
[SourceQuality "1"]
[TimeControl "40/5400+30:1800+30"]

1. e4 c6 2. d4 d5 3. e5 Bf5 4. c4 e6 5. Nc3 Nd7 6. a3 a5 7. g4 Bg6 8. Nge2 dxc4 9. Nf4 Nb6 10. h4 Ne7 11. h5 Bd3 12. Bxd3 $11 cxd3 13. Ne4 Ned5 14. Nxd3 h6 15. O-O Qc7 16. Bd2 Be7 17. f4 Nc4 18. Qc1 Nxd2 19. Qxd2 O-O-O 20. b4 axb4 21. axb4 Qb6 22. Ndc5 Nc7 23. f5 exf5 24. gxf5 Rd5 25. Ra4 Rhd8 26. Rfa1 Nb5 27. Qf4 Nxd4 28. Ra8+ Kc7 29. e6+ Bd6 30. e7 Bxf4 31. R1a7 Rxa8 32. Rxa8 Re5 33. Ne6+ Nxe6+ 0-1

[Event "WYCC U14 Open 2019"]
[Site "Mumbai"]
[Date "2019.10.11"]
[Round "10.6"]
[White "Murzin, Volodar"]
[Black "Wu, Logan"]
[Result "1/2-1/2"]
[ECO "B90"]
[WhiteElo "2433"]
[BlackElo "1994"]
[Annotator "NA"]
[PlyCount "76"]
[EventDate "2019.10.02"]
[EventType "swiss"]
[EventCountry "IND"]
[SourceTitle "playchess.com"]
[Source "ChessBase"]
[SourceQuality "1"]
[TimeControl "40/5400+30:1800+30"]

1. e4 c5 2. Nf3 d6 3. d4 Nf6 4. Nc3 cxd4 5. Nxd4 a6 6. h3 e6 7. g4 Be7 8. g5 Nfd7 9. h4 b5 10. a3 Bb7 11. Be3 Nc6 12. Nxc6 Bxc6 13. Qd2 Rb8 $14 14. f4 a5 15. Bg2 Qc7 16. O-O b4 17. Ne2 Nc5 18. Ng3 O-O 19. f5 exf5 20. exf5 Bxg2 21. Qxg2 Rfe8 22. Rae1 d5 23. Nh5 Ne4 24. f6 Bc5 25. fxg7 Bxe3+ 26. Rxe3 Qa7 27. Rfe1 bxa3 28. bxa3 Rb1 29. Qf2 Re6 30. Nf6+ Kxg7 31. Nxe4 Rxe1+ 32. Rxe1 Qxf2+ 33. Kxf2 dxe4 34. c4 h6 35. Ke3 hxg5 36. hxg5 Kg6 37. Rf1 Re7 38. Rf4 Kxg5 {[%emt 0:00:26] Kxe4} 1/2-1/2

[Event "WYCC U14 Open 2019"]
[Site "Mumbai"]
[Date "2019.10.11"]
[Round "10.7"]
[White "Tsvetkov, Andrey"]
[Black "Davtyan, Arsen"]
[Result "1-0"]
[ECO "E92"]
[WhiteElo "2382"]
[BlackElo "1942"]
[Annotator "NA"]
[PlyCount "101"]
[EventDate "2019.10.02"]
[EventType "swiss"]
[EventCountry "IND"]
[SourceTitle "playchess.com"]
[Source "ChessBase"]
[SourceQuality "1"]
[TimeControl "40/5400+30:1800+30"]

1. d4 Nf6 2. c4 g6 3. Nc3 Bg7 4. e4 d6 5. Nf3 O-O 6. Be2 e5 7. Be3 c6 8. d5 Nh5 9. g3 cxd5 10. cxd5 f5 11. exf5 gxf5 12. Nxe5 f4 13. gxf4 Nxf4 14. Nd3 Ng2+ 15. Kd2 Nxe3 16. fxe3 Qg5 17. Qg1 Qh6 18. Qg3 Na6 19. Rhg1 Kh8 20. Raf1 Bf5 21. Qg5 Qxg5 22. Rxg5 Bxd3 23. Bxd3 Rxf1 24. Bxf1 Nc5 25. Rf5 Kg8 26. b4 Nd7 27. Ne4 Be5 28. Bh3 Nb6 29. Rg5+ Kh8 30. Be6 Rf8 31. Rg2 h6 32. Kd3 Na8 33. Rc2 Kg7 34. h3 Kg6 35. a4 Rf1 36. a5 Rb1 37. Rc8 Rb3+ 38. Ke2 Rxb4 39. Kf3 Ra4 40. Rxa8 Rxa5 41. Rd8 Ra6 42. Rd7 b5 43. Rb7 Rb6 44. Rxb6 axb6 45. Ke2 b4 46. Kd3 b3 47. Nd2 b2 48. Kc2 b5 49. Bd7 b4 50. Nc4 b3+ 51. Kb1 1-0